 Dungeon Crawl Stone Soup version 0.17-a0-1923-gc35365e (webtiles) character file.

33 mcbry74 the Insei (level 3, 0/26 HPs)
             Began as a Merfolk Transmuter on Sept 28, 2015.
             Slain by a bat (1 damage)
             ... on level 1 of the Dungeon.
             The game lasted 00:06:30 (883 turns).

mcbry74 the Insei (Merfolk Transmuter)               Turns: 883, Time: 00:06:30

Health: 0/26       AC:  2    Str: 15    XL:     3   Next: 29%
Magic:  5/6        EV: 13    Int: 13    God:
Gold:   30         SH:  0    Dex: 14    Spells: 2 memorised, 3 levels left

rFire  . . .     SeeInvis .       - Unarmed
rCold  . . .     Clarity  .     b - +0 robe
rNeg   . . .     SustAt   .     (no shield)
rPois  .         Gourm    .     (no helmet)
rElec  .         Spirit   .     (no cloak)
rCorr  .         Warding  .     (no gloves)
rMut   .         Stasis   .     (no boots)
MR     .....                    (no amulet)
Stlth  +.........               (no ring)
                                (no ring)

@: mighty, appendage (expiring), drained, not resistant to hostile enchantments,
very unstealthy
A: change form in water, swift swim, horns 2
a: End Transformation


You were on level 1 of the Dungeon.
You were not hungry.
You had grown temporary horns.
You visited 1 branch of the dungeon, and saw 1 of its levels.

You collected 30 gold pieces.

Inventory:

Hand weapons
 g - a +0 dagger of draining
Missiles
 a - 11 arrows (quivered)
Armour
 b - a +0 robe (worn)
Scrolls
 e - a scroll of teleportation {unknown}
 j - a scroll of enchant armour {unknown}
Potions
 i - a potion of might
Books
 c - a book of Changes

   Spells                             Type                      Level
   a - Beastly Appendage              Transmutation                1
   b - Sticks to Snakes               Transmutation                2
   c - Spider Form                    Transmutation/Poison         3
   d - Ice Form                       Ice/Transmutation            4
   e - Blade Hands                    Transmutation                5
Comestibles
 d - a bread ration
 f - a meat ration
 h - 2 chunks of flesh


   Skills:
 + Level 1.2(1.1) Fighting
 + Level 3.1 Dodging
 + Level 0.2 Stealth
 + Level 4.1 Unarmed Combat
 + Level 2.1 Spellcasting
 + Level 2.8(2.7) Transmutations


You had 3 spell levels left.
You knew the following spells:

 Your Spells              Type           Power        Failure   Level  Hunger
a - Beastly Appendage     Trmt           #.....       10%         1    ##.....
b - Sticks to Snakes      Trmt           #.........   14%         2    ###....


Dungeon Overview and Level Annotations

Branches:
Dungeon (1/15)

Altars:


Innate Abilities, Weirdness & Mutations

You revert to your normal form in water.
You are very nimble and swift while swimming.
You have a pair of horns on your head.


Message History

* * * LOW HITPOINT WARNING * * *
The rat bites you.
* * * LOW HITPOINT WARNING * * *
You hit the rat.
You kill the rat!
The bat hits you but does no damage. The rat bites you.
* * * LOW HITPOINT WARNING * * *
You punch the rat!
You kill the rat!
The bat hits you.
* * * LOW HITPOINT WARNING * * *
The bat barely misses you.
You see here a rat corpse.
Your transformation is almost over.
The bat completely misses you.
You closely miss the bat. Your headbutt misses the bat.
The bat closely misses you.
You are too injured to fight recklessly!
The bat hits you.
You die...

#.# .. ##.### ...
.....######### ...#
#............##### .....
#..#..............
...#.###..#########.#####
........#b# #.####.
......).@.# #....[#
####..#.### ######.
#....######### ##
#....).......# #
#..#########.#########
#.. #.......... #..
##########. #. #. #r #.


You could see a bat.

Vanquished Creatures
  4 bats (D:1)
  2 giant cockroaches (D:1)
  6 hobgoblins (D:1)
  4 giant geckos (D:1)
  A giant newt (D:1)
  5 goblins (D:1)
  2 kobolds (D:1)
  4 rats (D:1)
28 creatures vanquished.

Vanquished Creatures (collateral kills)
  A rat (D:1)
1 creature vanquished.

Grand Total: 29 creatures vanquished

Notes
Turn   | Place    | Note
--------------------------------------------------------------
     0 | D:1      | mcbry74 the Merfolk Transmuter began the quest for the Orb.
     0 | D:1      | Reached XP level 1. HP: 15/15 MP: 3/3
   205 | D:1      | Reached XP level 2. HP: 21/21 MP: 5/5
   298 | D:1      | Reached skill level 4 in Unarmed Combat
   570 | D:1      | Learned a level 2 spell: Sticks to Snakes
   629 | D:1      | Reached XP level 3. HP: 13/26 MP: 3/6
   879 | D:1      | HP: 1/26 [bat (1)]
   883 | D:1      | Slain by a bat

Vault maps used:
D:1:      dpeg_arrival_lava_altar

Action                   || total
-------------------------++-------
Melee: Unarmed           ||    89
 Cast: Beastly Appendage ||    11
       Sticks to Snakes  ||     1
  Use: Scroll            ||     2
       Potion            ||     1
